 Dungeon Crawl Stone Soup version 0.31-a0-174-g85c54bcb58 (webtiles) character file.

Game seed: 5822706078503266987

74 qw the Shooter (level 4, -7/33 (39) HPs)
             Began as a Naga Hunter on June 15, 2023.
             Mangled by Edmund
             ... wielding a +3 flail of draining
              (9 damage)
             ... on level 4 of the Dungeon.
             The game lasted 00:00:26 (1196 turns).

qw the Shooter (Naga Hunter)                        Turns: 1196, Time: 00:00:27

HP:   -7/33 (39)    AC:  5    Str: 14    XL:     4   Next: 28%
MP:   4/4           EV:  9    Int:  9    God:
Gold: 62            SH:  0    Dex: 16    Spells: 3/3 levels left

rFire   . . .        Y - +0 shortbow
rCold   . . .        (shield currently unavailable)
rNeg    . . .        c - +0 leather armour
rPois   +            e - +1 helmet
rElec   .            (no cloak)
rCorr   .            j - +0 pair of gloves
SInv    +            (no barding)
Will    .....        (no amulet)
Stlth   ++           (no ring)
HPRegen 0.25/turn    (no ring)
MPRegen 0.09/turn

%: no passive effects
@: short of breath, heavily drained, very slow
A: AC +1, large, see invisible, deformed body, poison resistance, slowness 2,
spit poison 1, naga tail 1
a: Spit Poison


You were on level 4 of the Dungeon.
You visited 1 branch of the dungeon, and saw 3 of its levels.

You collected 62 gold pieces.


Innate Abilities, Weirdness & Mutations

Your serpentine skin is tough. (AC +1)
You have supernaturally acute eyesight. (SInv)
Armour fits poorly on your strangely shaped body.
Your system is resistant to poisons. (rPois)
You cover ground very slowly.
You can spit poison.
You have a snake-like lower body.


   Skills:
 + Level 2.0 Fighting
 - Level 5.1 Ranged Weapons
 - Level 1.5 Dodging
 - Level 1.5 Stealth


You had 3 spell levels left.
You didn't know any spells.
Your spell library was empty.

Inventory:

Hand Weapons
 Y - a +0 shortbow (weapon)
Armour
 c - a +0 leather armour (worn)
 e - a +1 helmet (worn)
 j - a +0 pair of gloves (worn)
Scrolls
 b - a scroll of enchant armour {unknown}
 d - a scroll of immolation {unknown}
Potions
 a - 2 potions of resistance {unknown}
 g - a potion of invisibility {unknown}
 k - a potion of might
 l - a potion of degeneration {unknown}

Dungeon Overview and Level Annotations

Branches:
Dungeon (2/15)

Altars:

Annotations:
D:4 Edmund


Message History

1190 ||| INVOKING Spit Poison.
Aiming: Spit Poison (1% risk of failure)
Press: ? - help, Shift-Dir - straight line, f/p - Edmund The splash of poison hits Edmund.
Edmund looks even sicker.
Edmund is moderately wounded.
Edmund hits you with a +3 flail of draining.
You feel drained.
You shoot an arrow.
The arrow hits Edmund but does no damage.
Edmund is moderately wounded.
Edmund closely misses you.
Edmund hits you with a +3 flail of draining.
You feel drained.
You shoot an arrow.
The arrow hits Edmund but does no damage.
Edmund is moderately wounded.
Edmund closely misses you.
You shoot an arrow. The arrow hits Edmund.
Edmund is heavily wounded.
Edmund hits you with a +3 flail of draining!
You feel drained.
You shoot an arrow.
The arrow hits Edmund but does no damage.
Edmund is heavily wounded.
Edmund asks, "Have you met my wondrous brother?"
Edmund hits you with a +3 flail of draining.
You feel drained.
You shoot an arrow. The arrow hits Edmund.
Edmund is heavily wounded.
You have got your breath back.
Edmund hits you with a +3 flail of draining.
You feel drained.
1196 ||| INVOKING Spit Poison.
Aiming: Spit Poison (1% risk of failure)
Press: ? - help, Shift-Dir - straight line, f/p - Edmund The splash of poison hits Edmund.
Edmund looks even sicker.
Edmund is severely wounded.
Edmund mutters, "Who needs spells, anyway?"
Edmund hits you with a +3 flail of draining!
You die...

......##.# #.#
+####..#.# #.# ####
#...# #.# ....
##..####.# .....
##...##.# .....
........#.##.# ......
#########.##.####......
...........#..@......
#########.#..@.......
#)...##...... ##>..#
..... #.#.# .... #.#.#
... #.#.# ## #.#.#
#.#.#


You could see Edmund (very poisoned).

Vanquished Creatures
  A howler monkey (D:4)
  A dart slug (D:1)
  A ball python (D:1)
  6 bats
  An endoplasm (D:1)
  A giant cockroach (D:1)
  4 hobgoblins
  3 jackals (D:1)
  3 quokkas
  A frilled lizard (D:1)
  5 goblins
  2 kobolds (D:1)
  5 rats
34 creatures vanquished.

Notes
Turn   | Place    | Note
-------+----------+-------------------------------------------
     0 | D:1      | qw the Naga Hunter began the quest for the Orb.
     0 | D:1      | Reached XP level 1. HP: 19/19 MP: 1/1
     0 | D:1      | 0 ||| qw: Version: 0.2-a-29-g511e9b1
     0 | D:1      | 0 ||| qw: Game counter: 5207
     0 | D:1      | 0 ||| qw: Always use a shield: true
     0 | D:1      | 0 ||| qw: God list: Okawaru
     0 | D:1      | 0 ||| qw: Allow faded altars: false
     0 | D:1      | 0 ||| qw: Do Orc after D:15 true
     0 | D:1      | 0 ||| qw: Do second Lair branch before Depths: true
     0 | D:1      | 0 ||| qw: Lair rune preference: random
     0 | D:1      | 0 ||| qw: Plans: Normal
     0 | D:1      | 0 ||| PLANNING D:1-11
    70 | D:1      | 70 ||| INVOKING Spit Poison.
    95 | D:1      | 95 ||| INVOKING Spit Poison.
   146 | D:1      | 146 ||| INVOKING Spit Poison.
   147 | D:1      | Reached skill level 4 in Ranged Weapons
   147 | D:1      | Reached XP level 2. HP: 26/26 MP: 2/2
   149 | D:1      | 149 ||| INVOKING Spit Poison.
   153 | D:1      | 153 ||| INVOKING Spit Poison.
   163 | D:1      | 163 ||| INVOKING Spit Poison.
   229 | D:1      | 229 ||| INVOKING Spit Poison.
   252 | D:1      | 252 ||| INVOKING Spit Poison.
   257 | D:1      | 257 ||| INVOKING Spit Poison.
   307 | D:1      | 307 ||| INVOKING Spit Poison.
   407 | D:1      | 407 ||| INVOKING Spit Poison.
   442 | D:1      | 442 ||| INVOKING Spit Poison.
   471 | D:1      | 471 ||| INVOKING Spit Poison.
   473 | D:1      | Reached XP level 3. HP: 32/32 MP: 3/3
   476 | D:1      | Found a faded altar of an unknown god.
   491 | D:1      | 491 ||| INVOKING Spit Poison.
   603 | D:1      | 603 ||| INVOKING Spit Poison.
   648 | D:1      | 648 ||| INVOKING Spit Poison.
   667 | D:1      | 667 ||| INVOKING Spit Poison.
   850 | D:1      | 850 ||| UPGRADING to +1 helmet.
   855 | D:1      | 855 ||| UPGRADING to +0 pair of gloves.
   860 | D:1      | 860 ||| READING scroll labelled ISAECU BABBENO.
   861 | D:1      | 861 ||| READING scroll labelled AZALUD PINNE.
   862 | D:1      | 862 ||| READING 2 scrolls labelled HOCKOA XIANOC.
   863 | D:1      | 863 ||| READING scroll labelled OTAUMUHOUW.
   864 | D:1      | 864 ||| DRINKING 2 brown potions.
   865 | D:1      | 865 ||| DROPPING scroll of butterflies.
   866 | D:1      | 866 ||| DROPPING scroll of vulnerability.
   910 | D:2      | 910 ||| INVOKING Spit Poison.
   929 | D:2      | 929 ||| INVOKING Spit Poison.
   997 | D:2      | 997 ||| INVOKING Spit Poison.
  1033 | D:2      | 1033 ||| INVOKING Spit Poison.
  1059 | D:2      | You fall into a shaft and drop 2 floors!
  1069 | D:4      | 1069 ||| INVOKING Spit Poison.
  1075 | D:4      | 1075 ||| INVOKING Spit Poison.
  1079 | D:4      | 1079 ||| INVOKING Spit Poison.
  1081 | D:4      | Reached skill level 5 in Ranged Weapons
  1081 | D:4      | Reached XP level 4. HP: 21/39 MP: 4/4
  1082 | D:4      | 1082 ||| INVOKING Spit Poison.
  1184 | D:4      | Noticed Edmund
  1185 | D:4      | 1185 ||| INVOKING Spit Poison.
  1190 | D:4      | 1190 ||| INVOKING Spit Poison.
  1194 | D:4      | HP: 5/35 [Edmund/+3 flail of draining (6)]
  1195 | D:4      | HP: 2/34 [Edmund/+3 flail of draining (1)]
  1196 | D:4      | 1196 ||| INVOKING Spit Poison.
  1196 | D:4      | Mangled by Edmund

Levels and vault maps discovered:
D:1:      minmay_arrival_four_houses, layout_loops_corners,
          shapermc_ecumenical_altar_venn
D:2:      layout_basic
D:4:      layout_basic, uniq_edmund, uniq_sigmund

Skill      XL: |  1  2  3 |
---------------+----------+-----
Ranged Weapons | 4 5 |  5.1
Fighting       | |  2.0
Dodging        | |  1.5
Stealth        | |  1.5

Action                     |  1- 3 |  4- 6 || total
---------------------------+-------+-------++-------
   Fire: Shortbow          |    51 |    13 ||    64
Ability: Spit Poison       |    24 |     4 ||    28
    Use: Scroll            |     4 |       ||     4
         Potion            |     1 |       ||     1
 Armour: Leather armour    |    11 |     1 ||    12
  Dodge: Dodged            |    10 |     5 ||    15

Table legend:
 A = Non-vault XP
 B = Vault XP
 C = Vault XP percentage of total XP
 D = Non-vault monster count
 E = Vault monster count
 F = Vault count percentage of total count
                 A         B        C        D         E       F
            +---------+---------+-------+---------+---------+-------
      Total |     106 |       0 |   0.0 |      34 |       0 |   0.0
            +---------+---------+-------+---------+---------+-------
        D:1 |      46 |       0 |   0.0 |      26 |       0 |   0.0
        D:2 |       7 |       0 |   0.0 |       5 |       0 |   0.0
        D:4 |      53 |       0 |   0.0 |       3 |       0 |   0.0
            +---------+---------+-------+---------+---------+-------
